 Dungeon Crawl Stone Soup version 0.32-a0-872-g59262bdc9b (webtiles) character file.

Game seed: 3668700164289203314

893 Biggs the Skirmisher (level 8, -1/56 HPs)
             Began as a Coglin Hunter on Mar 30, 2024.
             Slain by a white imp (4 damage)
             ... summoned by Eustachio
             ... on level 5 of the Dungeon.
             The game lasted 00:06:40 (4421 turns).

Biggs the Skirmisher (Coglin Hunter)                Turns: 4421, Time: 00:06:40

Health: -1/56      AC:  4    Str: 12    XL:     8   Next: 6%
Magic:  8/8        EV: 11    Int:  9    God:
Gold:   226        SH:  0    Dex: 19    Spells: 7/7 levels left

rFire   . . .        a - +2 sling {Lan}
rCold   . . .        q - +3 sling {Bintanath}
rNeg    . . .        c - +0 leather armour
rPois   .            l - +0 helmet
rElec   .            o - scarf of Light {+Inv, Will+}
rCorr   .            (no gloves)
SInv    .            (no boots)
Will    +....        (amulet unavailable)
Stlth   ++           (ring unavailable)
HPRegen 0.29/turn    (ring unavailable)
MPRegen 0.11/turn    (no gizmo)

%: no passive effects
@: studying Long Blades, revved
A: off-hand wielding, slow wielding, warmup strikes, no jewellery, subdued magic
1
a: Invent Gizmo, Evoke Invisibility


You were on level 5 of the Dungeon.
You visited 1 branch of the dungeon, and saw 5 of its levels.

You collected 226 gold pieces.

Inventory:

Hand Weapons
 a - a +2 sling (weapon) {Lan}
 d - a +0 sling {Lucia}
 q - a +3 sling (offhand) {Bintanath}
Armour
 c - a +0 leather armour (worn)
 l - a +0 helmet (worn)
 o - the scarf of Light (worn) {+Inv, Will+}
   (You found it on level 2 of the Dungeon)

   Will+:     It increases your willpower.
Wands
 m - a wand of flame (27)
 s - a wand of polymorph (12)
Scrolls
 b - a scroll of butterflies
 f - 2 scrolls of enchant armour {unknown}
 g - a scroll of teleportation {unknown}
 j - 9 scrolls of identify {unknown}
 n - a scroll of vulnerability {unknown}
 r - a scroll of noise {unknown}
 t - a scroll of torment {unknown}
 u - a scroll of amnesia {unknown}
 v - a scroll of fear {unknown}
Potions
 e - a potion of enlightenment {unknown}
 h - a potion of heal wounds {unknown}
 i - a potion of magic {unknown}
 k - 2 potions of curing
 p - a potion of might {unknown}


   Skills:
 - Level 2.0 Fighting
 + Level 9.0 Ranged Weapons
 - Level 1.7 Dodging
 - Level 0.7 Stealth


You had 7 spell levels left.
You didn't know any spells.
Your spell library contained the following spells:

 Spells                   Type           Power      Damage    Failure   Level
 Ensorcelled Hibernation  Hex/Ice        0%         N/A       56%         2
 Fugue of the Fallen      Necr           0%         N/A       80%         3
 Stone Arrow              Conj/Erth      0%         3d7       80%         3
 Anguish                  Hex/Necr       0%         N/A       99%         4
 Animate Armour           Summ/Erth      0%         N/A       99%         4
 Leda's Liquefaction      Alch/Erth      0%         N/A       99%         4
 Petrify                  Alch/Erth      0%         N/A       99%         4
 Metabolic Englaciation   Hex/Ice        0%         N/A       100%        5
 Lehudib's Crystal Spear  Conj/Erth      0%         10d2      100%        8


Dungeon Overview and Level Annotations

Branches:
Dungeon (5/15)
 Temple: D:4-7

Altars:
Yredelemnul

Shops:
D:3 (   D:4 (:::

Annotations:
D:5 Eustachio


Innate Abilities, Weirdness & Mutations

You can wield a second weapon in your off-hand.
It takes a long time for you to wield or remove held weapons.
Your first few attacks do less damage.
You cannot equip rings or amulets.
Your spells are a little easier to cast, but a little less powerful.


Message History

You shoot a sling bullet. The sling bullet hits Eustachio.
Eustachio is moderately wounded.
Eustachio hits you with a +0 rapier. The white imp barely misses you.
The white imp gestures at you. The puff of frost hits you.
* * * LOW HITPOINT WARNING * * *
Unknown command.
Unknown command.
Fire: a) +2 sling {Lan}
Press: ? - help, Q - select action, (/) - cycle Shift-Dir - straight line, f/p - Eustachio
Aim: Eustachio, wielding a +0 rapier, wearing a +0 leather armour and carrying a wand of flame (moderately wounded, 57% to hit)
You shoot a sling bullet. The sling bullet hits Eustachio!
Eustachio is heavily wounded.
You shoot a sling bullet.
The sling bullet hits Eustachio but does no damage.
Eustachio is heavily wounded.
Eustachio hits you with a +0 rapier.
* * * LOW HITPOINT WARNING * * *
The white imp hits you.
* * * LOW HITPOINT WARNING * * *
The white imp freezes you.
* * * LOW HITPOINT WARNING * * *
The white imp closely misses you.
Unknown command.
Fire: a) +2 sling {Lan}
Press: ? - help, Q - select action, (/) - cycle Shift-Dir - straight line, f/p - Eustachio
Aim: Eustachio, wielding a +0 rapier, wearing a +0 leather armour and carrying a wand of flame (heavily wounded, 57% to hit)
You shoot a sling bullet. The sling bullet hits Eustachio.
Eustachio is severely wounded.
You shoot a sling bullet.
The sling bullet barely misses Eustachio.
Eustachio completely misses you. The white imp hits you.
* * * LOW HITPOINT WARNING * * *
The white imp freezes you.
* * * LOW HITPOINT WARNING * * *
The white imp summons a swarm of flies.
The white imp hits you.
* * * LOW HITPOINT WARNING * * *
The white imp freezes you.
You die...

.......# #......).#
.......# #........#
.......#######........#
.....†..<........###+#
.................#
.................#
.................#
.................###
##############..@..#
#.5@5.# #.....# #.....#
#.....# #...(.# .......
.........


You could see Eustachio and 2 white imps.

Vanquished Creatures
  Duvessa (D:4)
  A black bear (D:4)
  An ogre (D:4)
  A weeping skull (D:4)
  3 scorpions
  A wight (D:3)
  Dowan (D:4)
  A bombardier beetle (D:5)
  Terence (D:2)
  Jessica (D:2)
  An orc wizard (D:4)
  Robin (D:3)
  5 adders
  2 white imps
  3 dart slugs
  2 ribbon worms
  10 orcs
  7 bats
  6 endoplasms
  3 giant cockroaches
  20 goblins
  8 hobgoblins
  A jackal (D:3)
  2 quokkas (D:2)
  5 ball pythons
  2 frilled lizards
  2 kobolds
  6 rats
  A spectral orc (D:4)
99 creatures vanquished.

Notes
Turn   | Place    | Note
-------+----------+-------------------------------------------
     0 | D:1      | Biggs the Coglin Hunter began the quest for the Orb.
     0 | D:1      | Reached XP level 1. HP: 16/16 MP: 1/1
   242 | D:1      | Reached skill level 4 in Ranged Weapons
   242 | D:1      | Reached XP level 2. HP: 22/22 MP: 2/2
  1031 | D:2      | Reached XP level 3. HP: 27/27 MP: 3/3
  1040 | D:2      | Noticed Jessica
  1045 | D:2      | Killed Jessica
  1075 | D:2      | Reached skill level 5 in Ranged Weapons
  1075 | D:2      | Reached XP level 4. HP: 33/33 MP: 4/4
  1201 | D:2      | Noticed Terence
  1207 | D:2      | Killed Terence
  1337 | D:2      | Identified the scarf of Light {+Inv, Will+}
  1476 | D:2      | Reached XP level 5. HP: 38/38 MP: 5/5
  1695 | D:3      | Noticed Robin
  1703 | D:3      | Killed Robin
  1858 | D:3      | Reached skill level 6 in Ranged Weapons
  2000 | D:3      | Reached XP level 6. HP: 10/44 MP: 6/6
  2002 | D:3      | Gained mutation: Your spells are a little easier to cast,
                  | but a little less powerful. [potion of mutation]
  2203 | D:3      | Found Biman's Antique Weapon Emporium.
  2318 | D:4      | Found Kann's Antique Weapon Emporium.
  2318 | D:4      | Found Weackeha's Book Emporium.
  2318 | D:4      | Found Issoadiu's Book Emporium.
  2326 | D:4      | Found Qocetwuf's Book Shop.
  2384 | D:3      | Reached skill level 7 in Ranged Weapons
  2660 | D:4      | Noticed a black bear
  2668 | D:4      | Killed a black bear
  2669 | D:4      | Reached XP level 7. HP: 34/50 MP: 7/7
  2937 | D:4      | Noticed Duvessa
  2937 | D:4      | Noticed Dowan
  3895 | D:4      | Reached skill level 8 in Ranged Weapons
  3924 | D:4      | Killed Duvessa
  3929 | D:4      | HP: 1/50 [Dowan/shard of ice (27)]
  3930 | D:4      | Killed Dowan
  4326 | D:4      | Found a basalt altar of Yredelemnul.
  4333 | D:4      | Reached XP level 8. HP: 56/56 MP: 8/8
  4386 | D:5      | Entered Level 5 of the Dungeon
  4391 | D:5      | Reached skill level 9 in Ranged Weapons
  4408 | D:5      | Noticed Eustachio
  4421 | D:5      | Slain by a white imp

Illustrated notes

Levels and vault maps discovered:
D:1:      sevenhm_arrival_forest_fort_small_4, layout_loops_corners,
          moated_statue, chequers_serial_rivers_micro_d, minmay_misc_feat_tiny,
          nicolae_figureground_sparkle
D:2:      layout_loops_cross, nrook_campfire, uniq_terence, uniq_jessica
D:3:      minmay_wonky_spiral, layout_rooms, serial_shops, shop, uniq_robin
D:4:      layout_loops_ring, yredelemnul_forgotten_temple_becter, serial_shops,
          nicolae_shop_hallway_stairs, corexii_corridor_pit, glass_columns_b,
          nicolae_shop_distant_corner_stores, minmay_manual_moon, uniq_duvessa
D:5:      layout_gridville, minmay_temple_entry_hall, kennysheep_another_room,
          kennysheep_generic_room_2, uniq_eustachio

Skill      XL: |  1  2  3  4  5  6  7  8 |
---------------+-------------------------+-----
Ranged Weapons | 4 5 6 7 8 9 |  9.0
Fighting       | |  2.0
Dodging        | |  1.7
Stealth        | |  0.7

Action                     |  1- 3 |  4- 6 |  7- 9 || total
---------------------------+-------+-------+-------++-------
   Fire: Sling             |    86 |   222 |   226 ||   534
    Use: Potion            |       |     4 |       ||     4
         Scroll            |       |       |     1 ||     1
 Armour: Leather armour    |     4 |    24 |    61 ||    89
  Dodge: Dodged            |     3 |    26 |    35 ||    64

Table legend: (Time is in decaauts)
 A = Elapsed time spent in this place.
 B = Non-inter-level travel time spent in this place.
 C = Inter-level travel time spent in this place.
 D = Time resting spent in this place.
 E = Time spent auto-exploring this place.
 F = Levels seen in this place.
 G = Mean time per level.
                   A        B        C        D        E       F      G
               +--------+--------+--------+--------+--------+-----+--------+
         Total |   4464 |   4332 |    132 |    873 |   2843 |   5 |  892.8 |
       Dungeon |   4464 |   4332 |    132 |    873 |   2843 |   5 |  892.8 |
               +--------+--------+--------+--------+--------+-----+--------+

Top non-repeatable levels by time:
     D:3: 1572 daAuts
     D:4: 1161 daAuts
     D:1: 996 daAuts
     D:2: 699 daAuts
     D:5: 34 daAuts
